 Dungeon Crawl Stone Soup version 0.30.0-17-ge0270778cf (webtiles) character file.

Game seed: 10980126058092770136

286 Diggabert the Covered (level 6, 0/48 HPs)
             Began as a Human Fighter on May 23, 2023.
             Slain by an orc wizard
             ... wielding a +0 dagger
              (3 damage)
             ... on level 4 of the Dungeon.
             The game lasted 00:05:19 (2930 turns).

Diggabert the Covered (Human Fighter)               Turns: 2930, Time: 00:05:19

Health: 0/48       AC:  9    Str: 18    XL:     6   Next: 56%
Magic:  0/6        EV:  8    Int:  8    God:
Gold:   159        SH:  5    Dex: 13    Spells: 5/5 levels left

rFire   . . .        a - +0 flail
rCold   . . .        c - +0 buckler
rNeg    . . .        m - +0 chain mail
rPois   .            (no helmet)
rElec   .            (no cloak)
rCorr   .            (no gloves)
SInv    .            (no boots)
Will    .....        f - amulet of guardian spirit Stlth
                     (no ring)
HPRegen 0.28/turn    (no ring)
MPRegen 0.10/turn

%: guardian spirit
@: no status effects
A: no striking features
a: no special abilities


You were on level 4 of the Dungeon.
You visited 1 branch of the dungeon, and saw 4 of its levels.

You collected 159 gold pieces.

Inventory:

Hand Weapons
 a - a +0 flail (weapon)
 p - a +0 trident
Missiles
 i - a boomerang
 t - 2 throwing nets (quivered)
Armour
 c - a +0 buckler (worn)
 m - a +0 chain mail (worn)
Jewellery
 f - an amulet of guardian spirit (around neck)
Scrolls
 b - 2 scrolls of identify {unknown}
 e - a scroll of immolation {unknown}
 g - a scroll of blinking {unknown}
 h - 2 scrolls of fear {unknown}
 k - a scroll of fog {unknown}
 n - a scroll of vulnerability {unknown}
 o - 2 scrolls of teleportation
 r - a scroll of enchant weapon {unknown}
Potions
 d - a potion of attraction {unknown}
 j - a potion of brilliance {unknown}
 l - 3 potions of lignification {unknown}
 q - a potion of cancellation {unknown}
 s - a potion of heal wounds {unknown}


   Skills:
 * Level 3.7 Fighting
 * Level 4.1 Maces & Flails
 * Level 4.1 Armour
 * Level 1.6 Dodging
 * Level 3.8 Shields


You had 5 spell levels left.
You didn't know any spells.
Your spell library contained the following spells:

 Spells                   Type           Power      Damage    Failure   Level
 Freeze                   Ice            0%         1d3       99%         1
 Frozen Ramparts          Ice            0%         1d1       100%        3
 Hailstorm                Conj/Ice       0%         3d3       100%        3


Dungeon Overview and Level Annotations

Branches:
Dungeon (4/15)
 Temple: D:4-7

Altars:


Message History

You hear some strange, mumbled words.
You are more confused.
You closely miss something. Something hits you but does no damage.
Something hits you but does no damage.
You bump into the rock wall.
You bump into the rock wall.
Something hits you.
* * * LOW HITPOINT WARNING * * *
You sock the orc!
You kill the orc!
Something hits you but does no damage. x2
You bump into the rock wall.
The ball python bites you but does no damage.
The ball python grabs you. The ball python constricts you.
The ball python bites you.
* * * LOW HITPOINT WARNING * * *
The ball python constricts you.
* * * LOW HITPOINT WARNING * * *
Something hits you but does no damage.
You bump into the rock wall.
The ball python barely misses you. The ball python constricts you.
* * * LOW HITPOINT WARNING * * *
Something hits you but does no damage.
You bump into the rock wall.
You feel less confused. You block the ball python's attack.
The ball python constricts you. Something hits you but does no damage.
You thump the ball python!
You kill the ball python!
Something hits you.
* * * LOW HITPOINT WARNING * * *
You miss something. Something hits you.
* * * LOW HITPOINT WARNING * * *
You sock something!
You hear some strange, mumbled words.
A puff of flame appears from out of thin air!
The puff of flame hits you!
* * * LOW HITPOINT WARNING * * *
You barely miss something. Something hits you but does no damage.
You hit something. Something hits you.
You die...

.. .# .#
##)####..
#)...?...
#)#.....# #.#
K..## ##)#
....
######{@#
.###
#......###..#
#..##..^.<..#
#....###..#
#........##
#...####....
#...# ).
......
>#...##


There were no monsters in sight!

Vanquished Creatures
  An orc priest (D:4)
  A jelly (D:4)
  2 orc wizards
  4 adders
  4 gnolls (D:3)
  A worm (D:3)
  A dart slug (D:1)
  9 orcs
  4 ball pythons
  10 endoplasms
  3 giant cockroaches (D:1)
  7 goblins
  6 hobgoblins
  4 quokkas
  11 bats
  9 frilled lizards
  11 kobolds
  9 rats
97 creatures vanquished.

Notes
Turn   | Place    | Note
-------+----------+-------------------------------------------
     0 | D:1      | Diggabert the Human Fighter began the quest for the Orb.
     0 | D:1      | Reached XP level 1. HP: 18/18 MP: 1/1
   247 | D:1      | Reached XP level 2. HP: 24/24 MP: 2/2
   442 | D:1      | Reached XP level 3. HP: 29/29 MP: 3/3
  1104 | D:2      | Reached skill level 1 in Dodging
  1104 | D:2      | Reached XP level 4. HP: 35/35 MP: 4/4
  2019 | D:3      | Reached XP level 5. HP: 39/41 MP: 5/5
  2301 | D:3      | Reached XP level 6. HP: 7/47 MP: 1/6
  2928 | D:4      | HP: 2/48 [something/puff of flame (7)]
  2930 | D:4      | Slain by an orc wizard

Illustrated notes

Levels and vault maps discovered:
D:1:      nicolae_arrival_somewhat_less_tricky_arrival, layout_basic,
          minmay_cupped
D:2:      layout_basic
D:3:      minmay_inner_zag, layout_basic, grunt_ministairs_15,
          minmay_goblin_outpost
D:4:      layout_rooms, guppyfry_early_lair_pool

Skill      XL: |  1  2  3  4  5  6 |
---------------+-------------------+-----
Dodging        | 1 |  1.6
Maces & Flails | 3 4 |  4.1
Armour         | 4 |  4.1
Fighting       | |  3.7
Shields        | |  3.8

Action                     |  1- 3 |  4- 6 || total
---------------------------+-------+-------++-------
  Melee: Flail             |   101 |   202 ||   303
  Throw: Boomerang         |       |     4 ||     4
    Use: Potion            |       |     3 ||     3
         Scroll            |       |     1 ||     1
 Armour: Scale mail        |    65 |     7 ||    72
         Chain mail        |       |   132 ||   132
  Dodge: Dodged            |    59 |    75 ||   134
  Block: Buckler           |    30 |    55 ||    85
